[Event "Late-Titled-Tuesday-Blitz-May-07-2024"]
[Site "Chess.com"]
[Date "2024.05.07"]
[Round "10"]
[White "Iuckyducky"]
[Black "SHIVACalypso"]
[Result "0-1"]
[WhiteElo "2280"]
[BlackElo "2537"]
[TimeControl "180+1"]
[EndTime "15:55:32 PDT"]
[Termination "SHIVACalypso won by resignation"]

1. e4 e5 2. Nf3 Nc6 3. Bb5 a6 4. Ba4 b5 5. Bb3 Nf6 6. d3 Bc5 7. O-O d6 8. h3 h6 9. c3 O-O 10.
Be3 Bxe3 11. fxe3 d5 12. exd5 Nxd5 13. Qe1 Be6 14. Nbd2 a5 15. d4 exd4 16. exd4 a4 17. Bc2 a3 18. Qe4 g6 19. Rab1 Bf5 20. Qe2 Bxc2 21.
Rbc1 Bf5 22. Qxb5 axb2 23. Qxb2 Rb8 24. Qa3 Qe7 25. Qxe7 Ncxe7 26. c4 Nb4 27. a3 Nd3 28. g4 Nxc1 29. Rxc1 Be6 30. d5 Bd7 31. Ne5 Rfd8 32. Ne4 Kg7 33. Rf1 Be8 34. Nf6 Rb3 35. Nxe8+ Rxe8 36. Rxf7+ Kg8 37. Rf6 Rxa3 38. Kg2 Rb8 0-1

[Event "Late-Titled-Tuesday-Blitz-May-07-2024"]
[Site "Chess.com"]
[Date "2024.05.07"]
[Round "10"]
[White "GMG"]
[Black "Nf3c5"]
[Result "1-0"]
[WhiteElo "2824"]
[BlackElo "2644"]
[TimeControl "180+1"]
[EndTime "15:55:34 PDT"]
[Termination "GMG won on time"]

1. Nf3 d5 2. g3 Nf6 3. Bg2 c6 4. c4 Bf5 5. O-O e6 6. d3 h6 7. Qb3 Qb6 8. Be3 Qxb3 9. axb3 a6 10. Nc3 Nbd7 11. cxd5 exd5 12. Nd4 Bh7 13. Nc2 Bd6 14. b4 O-O 15. Na4 Ng4 16. Bd4 Rfe8 17. Rfe1 Be5 18. Bh3 Ngf6 19. Nc5 Nxc5 20. bxc5 Bxd4 21.
Nxd4 Re7 22. f3 Rae8 23. Kf2 Rd8 24. Ra3 Kf8 25. Rea1 Rc7 26. Rb3 Re8 27. Ra4 Ree7 28. Rab4 g6 29. e4 dxe4 30. dxe4 Ne8 31. Rd3 Bg8 32.
Nb3 Nf6 33. Rbd4 Kg7 34. Na5 Nh7 35. Rd7 Nf8 36. Rxc7 Rxc7 37. Rd8 f5 38. exf5 gxf5 39.
Bxf5 Bd5 40. Rb8 Rf7 41. Rxb7 1-0

[Event "Late-Titled-Tuesday-Blitz-May-07-2024"]
[Site "Chess.com"]
[Date "2024.05.07"]
[Round "10"]
[White "Vazabanga"]
[Black "pouya21"]
[Result "0-1"]
[WhiteElo "2693"]
[BlackElo "2859"]
[TimeControl "180+1"]
[EndTime "15:55:36 PDT"]
[Termination "pouya21 won on time"]

1. d4 Nf6 2. c4 e6 3. g3 c5 4.
d5 exd5 5. cxd5 d6 6. Nc3 g6 7.
Bg2 Bg7 8. Nf3 O-O 9. O-O Re8 10. Nd2 a6 11. a4 Nbd7 12. h3 Rb8 13. a5 Nh5 14. e4 Ne5 15. g4 Nf4 16. Nf3 Ned3 17. Ra2 Nxc1 18. Qxc1 Bxc3 19. bxc3 Rxe4 20. Qb1 Qe7 21. Nd2 Re2 22. Rb2 h5 23. Nc4 hxg4 24.
hxg4 Bxg4 25. Ne3 Bh5 0-1

[Event "Late-Titled-Tuesday-Blitz-May-07-2024"]
[Site "Chess.com"]
[Date "2024.05.07"]
[Round "10"]
[White "rionelG"]
[Black "SoCalJuniorChess"]
[Result "0-1"]
[WhiteElo "2264"]
[BlackElo "2191"]
[TimeControl "180+1"]
[EndTime "15:55:41 PDT"]
[Termination "SoCalJuniorChess won on time"]

1. e4 d5 2. exd5 Qxd5 3. Nc3 Qd8 4. d4 Nf6 5. g3 Bg4 6. Nf3 Bxf3 7. Qxf3 c6 8. Be3 e6 9. O-O-O Bb4 10. Ne4 Nd5 11. Ng5 O-O 12. Qh5 h6 13. h4 Qa5 14. Bc4 Nc3 15.
bxc3 Bxc3 16. Kb1 Qb4+ 17. Bb3 a5 18. Ne4 a4 19. Nxc3 axb3 20. cxb3 Qxc3 21. Rc1 Qd3+ 22. Rc2 Rxa2 23. Kxa2 Qxc2+ 24. Ka3 Nd7 25. Bxh6 Ra8+ 26.
Kb4 gxh6 27. g4 Qg6 28. Qxg6+ fxg6 29. Re1 Kf7 30. f4 Nf6 31. g5 Nd5+ 32. Kc5 Nxf4 33. Kb6 hxg5 34. Kxb7 Ra3 35. hxg5 Rxb3+ 36. Kxc6 Rg3 37.
Re5 Rd3 38. Kc5 Rc3+ 39. Kd6 Rc4 0-1

[Event "Late-Titled-Tuesday-Blitz-May-07-2024"]
[Site "Chess.com"]
[Date "2024.05.07"]
[Round "10"]
[White "Goryachkina"]
[Black "Blackmind96"]
[Result "0-1"]
[WhiteElo "2689"]
[BlackElo "2884"]
[TimeControl "180+1"]
[EndTime "15:55:43 PDT"]
[Termination "Blackmind96 won on time"]

1. e4 c5 2. Nf3 d6 3. Bb5+ Nd7 4. O-O a6 5. Bxd7+ Bxd7 6. c3 Nf6 7. Re1 e5 8. d4 Qc7 9. Bg5 Be7 10. Nbd2 b5 11.
Nf1 O-O 12. Ng3 Rfe8 13. h3 Rad8 14. Qd2 Bc8 15. d5 a5 16. a4 b4 17. c4 Kh8 18. b3 Ng8 19. Be3 Rf8 20. Qd3 g6 21. Nd2 f5 22. exf5 gxf5 23. f4 e4 24. Qe2 Bf6 25.
Rad1 h6 26. Nh5 Kh7 27. Nxf6+ Nxf6 28. Nf1 Rg8 29. Bc1 Rg6 30. Bb2 Rdg8 31. Ne3 Qf7 32. Kh1 Rg3 33. Bxf6 Qxf6 34. Kh2 Qh4 35. Rf1 Bd7 36.
Rf2 Qf6 37. Re1 Be8 38. Rb1 R3g7 39. Nf1 Bh5 0-1

[Event "Late-Titled-Tuesday-Blitz-May-07-2024"]
[Site "Chess.com"]
[Date "2024.05.07"]
[Round "10"]
[White "GoltsevDmitry2000"]
[Black "ChadBiryani"]
[Result "1-0"]
[WhiteElo "2745"]
[BlackElo "2558"]
[TimeControl "180+1"]
[EndTime "15:55:45 PDT"]
[Termination "GoltsevDmitry2000 won by checkmate"]

1. e4 c5 2. Nf3 d6 3. d4 cxd4 4. Nxd4 Nf6 5. Nc3 Nc6 6. Be2 g6 7. O-O Bg7 8. Be3 O-O 9. f4 Bd7 10. Bf3 Rc8 11. Qd2 Na5 12. b3 a6 13. e5 Ne8 14.
Nd5 dxe5 15. fxe5 Bxe5 16. Rad1 Nc6 17. Nxc6 Bxc6 18. Qb4 Bxd5 19. Rxd5 Qc7 20. Rc5 Bxh2+ 21. Kh1 Qd6 22. Rd1 Qb8 23. Rxc8 Qxc8 24. Kxh2 Qxc2 25. Qxe7 Ng7 26. Bh6 Qf5 27. Rd8 Qe5+ 28. Qxe5 Rxd8 29. Qxg7# 1-0

[Event "Late-Titled-Tuesday-Blitz-May-07-2024"]
[Site "Chess.com"]
[Date "2024.05.07"]
[Round "10"]
[White "baki83"]
[Black "lamomiajunior"]
[Result "1-0"]
[WhiteElo "2934"]
[BlackElo "2772"]
[TimeControl "180+1"]
[EndTime "15:55:48 PDT"]
[Termination "baki83 won by resignation"]

1. e4 c5 2. Nf3 d6 3. Bb5+ Nd7 4. O-O a6 5. Bxd7+ Bxd7 6. d4 cxd4 7. Qxd4 Nf6 8. Bg5 e6 9. Nc3 Be7 10. Rad1 Bc6 11.
Rfe1 O-O 12. Bxf6 Bxf6 13. Qxd6 Qxd6 14. Rxd6 Bxc3 15. bxc3 Rfd8 16. Rxd8+ Rxd8 17. Nd4 Ba4 18. f4 f6 19. e5 Kf7 20. Kf2 f5 21. Ke3 h6 22. Rb1 b5 23. h4 Rc8 24. Kd3 Ke7 25.
a3 Kd7 26. h5 Ke7 27. Rg1 Kf7 28. g4 fxg4 29. Rxg4 Rd8 30. Rg6 a5 31. Rg2 Rc8 32.
Kd2 Rd8 33. Kc1 b4 34. axb4 axb4 35. Rxg7+ Kxg7 36. Nxe6+ Kf7 37. Nxd8+ Ke7 38. Nb7 bxc3 39. f5 Be8 40. f6+ Ke6 41. Nd8+ Kxe5 42. f7 Bxf7 43.
Nxf7+ Kf6 44. Nxh6 1-0

[Event "Late-Titled-Tuesday-Blitz-May-07-2024"]
[Site "Chess.com"]
[Date "2024.05.07"]
[Round "10"]
[White "merinasian"]
[Black "Nechitaylo_Nikita"]
[Result "1-0"]
[WhiteElo "2477"]
[BlackElo "2351"]
[TimeControl "180+1"]
[EndTime "15:55:51 PDT"]
[Termination "merinasian won on time"]

1. d4 Nf6 2. Nf3 e6 3. g3 c5 4. Bg2 Nc6 5. O-O b6 6. c4 Bb7 7. d5 exd5 8. cxd5 Ne7 9. e4 Nxe4 10. d6 Nc8 11. Re1 Nxd6 12. Ng5 f5 13. f3 h6 14.
fxe4 Be7 15. Qh5+ Kf8 16. Nh3 Bxe4 17. Bxe4 fxe4 18. Nf4 Kg8 19. Nc3 Bf6 20. Nxe4 Bd4+ 21.
Kg2 Qe8 22. Qd5+ Nf7 23. Nf6+ Bxf6 24. Rxe8+ Rxe8 25. Ng6 Rh7 26. Bf4 d6 27. Rf1 Bxb2 28.
Be5 1-0

[Event "Late-Titled-Tuesday-Blitz-May-07-2024"]
[Site "Chess.com"]
[Date "2024.05.07"]
[Round "10"]
[White "only_strong_moves"]
[Black "bancsoo"]
[Result "0-1"]
[WhiteElo "2703"]
[BlackElo "2863"]
[TimeControl "180+1"]
[EndTime "15:55:53 PDT"]
[Termination "bancsoo won by checkmate"]

1. Nc3 Nf6 2. e4 e5 3. Bc4 Nc6 4. d3 Na5 5. Nge2 c6 6. Ng3 Nxc4 7. dxc4 d6 8. O-O Be7 9. h3 O-O 10. a4 Be6 11. b3 Re8 12. Qf3 Qc7 13. Rd1 Rad8 14.
Ba3 g6 15. Rd2 h5 16. Rad1 h4 17. Nf1 Nh7 18. Nh2 Rf8 19. Ng4 f5 20. exf5 gxf5 21. Nh6+ Kh8 22. Qh5 Rf6 23. Re2 Kg7 24. Bc1 Rdf8 25. g3 Rg6 26. Kh1 Ng5 27. Nxf5+ Bxf5 28. gxh4 Rh8 29. Qxh8+ Kxh8 30. hxg5 Bxg5 31. Bxg5 Rxg5 32.
f4 Rh5 33. fxe5 Rxh3+ 34. Kg2 Qg7+ 35. Kf2 Qg3+ 36. Kf1 Rh1# 0-1

[Event "Late-Titled-Tuesday-Blitz-May-07-2024"]
[Site "Chess.com"]
[Date "2024.05.07"]
[Round "10"]
[White "Vincefm"]
[Black "Pachonpower"]
[Result "1-0"]
[WhiteElo "2500"]
[BlackElo "2386"]
[TimeControl "180+1"]
[EndTime "15:55:54 PDT"]
[Termination "Vincefm won by resignation"]

1. e4 e6 2. Qe2 g6 3. g3 Bg7 4.
Bg2 Ne7 5. Nf3 O-O 6. O-O d5 7.
d3 c5 8. Nc3 d4 9. Nb1 Nbc6 10. a4 e5 11. Nbd2 Be6 12. Re1 f6 13. Nf1 Re8 14. h4 Nc8 15. N3h2 Qd7 16. h5 Bh3 17.
Qf3 Bxg2 18. Kxg2 Nd6 19. g4 Rf8 20. Qh3 Nb4 21. Re2 f5 22. f3 fxe4 23. fxe4 Rf7 24. Nf3 Raf8 25. Ng5 c4 26. hxg6 h6 27. gxf7+ Nxf7 28.
Nxf7 Qxf7 29. Nh2 cxd3 30. cxd3 Qb3 31. Bxh6 Nxd3 32. Nf3 Rxf3 33. Qxf3 Bxh6 34. Rh1 Bg7 35. Rh3 Nf4+ 36. Qxf4 Qxh3+ 37. Kxh3 exf4 38. g5 d3 39. Rd2 1-0

[Event "Late-Titled-Tuesday-Blitz-May-07-2024"]
[Site "Chess.com"]
[Date "2024.05.07"]
[Round "10"]
[White "Mops_2004"]
[Black "Naoki"]
[Result "1-0"]
[WhiteElo "2803"]
[BlackElo "2599"]
[TimeControl "180+1"]
[EndTime "15:55:57 PDT"]
[Termination "Mops_2004 won on time"]

1. e4 e5 2. Nf3 Nc6 3. Bb5 a6 4. Ba4 Nf6 5. O-O Be7 6. d3 b5 7.
Bb3 d6 8. Bd2 O-O 9. c3 Be6 10.
Re1 h6 11. d4 Bxb3 12. axb3 exd4 13. cxd4 d5 14. e5 Ne4 15. Nc3 f5 16. exf6 Bxf6 17. Ne2 Qd6 18. Bf4 Qd7 19. Qc2 a5 20. Rec1 Ra6 21. h3 Rc8 22. Qd3 Nb4 23. Qe3 c5 24. Be5 Bxe5 25. dxe5 Re8 26. Nc3 Nxc3 27. bxc3 d4 28.
cxd4 cxd4 29. Nxd4 Rg6 30. Rxa5 Nd5 31. Qe4 Rg5 32.
Rxb5 Nf6 33. e6 Rxe6 34. Qxe6+ Qxe6 35. Rb8+ 1-0

[Event "Late-Titled-Tuesday-Blitz-May-07-2024"]
[Site "Chess.com"]
[Date "2024.05.07"]
[Round "10"]
[White "Mikhal867"]
[Black "nochewycandy"]
[Result "0-1"]
[WhiteElo "2530"]
[BlackElo "2764"]
[TimeControl "180+1"]
[EndTime "15:55:59 PDT"]
[Termination "nochewycandy won on time"]

1. d4 d5 2. c4 e6 3. Nf3 Nf6 4. g3 g6 5. Bg2 Bg7 6. O-O O-O 7. Nc3 Nc6 8. b3 Qe7 9. Nb5 a6 10. Ba3 Nb4 11. Nxc7 Qxc7 12. Bxb4 Rd8 13. Rc1 Qb6 14.
Bc5 Qa5 15. Qd2 Qxd2 16. Nxd2 dxc4 17. Nxc4 Nd7 18. Bb6 Nxb6 19. Nxb6 Rb8 20. e3 Bd7 21. Rc7 Bb5 22. Rfc1 e5 23. d5 Bf8 24. Bf1 Be8 25.
e4 Bb4 26. Rc8 Rbxc8 27. Rxc8 Rxc8 28. Nxc8 Bc5 29. Bh3 f5 30. d6 Kf8 31. exf5 Bd7 32. Ne7 Bxd6 33. Nd5 gxf5 34. Nf6 Be6 35. Nxh7+ Ke7 36.
Ng5 Bd7 37. Kg2 Kf6 38. f4 exf4 39. gxf4 Bxf4 40. Nf3 Bc6 41. Kf2 Be4 42. Bf1 Bd6 43.
Ke3 a5 44. Nd2 Bc6 45. h3 Bc5+ 46. Kd3 b6 47. Nc4 Kg5 48. Ke2 Kf4 49. Kd2 Kg3 50. Bd3 f4 51. Ke1 f3 52. Ne5 f2+ 53. Kd2 Bg2 54.
h4 Kxh4 0-1

[Event "Late-Titled-Tuesday-Blitz-May-07-2024"]
[Site "Chess.com"]
[Date "2024.05.07"]
[Round "10"]
[White "hsd2016"]
[Black "cycygogne"]
[Result "1-0"]
[WhiteElo "2361"]
[BlackElo "2176"]
[TimeControl "180+1"]
[EndTime "15:56:01 PDT"]
[Termination "hsd2016 won by checkmate"]

1. e4 d5 2. exd5 Qxd5 3. Nc3 Qd6 4. d4 Nf6 5. Nf3 Bg4 6. h3 Bh5 7. g4 Bg6 8. Ne5 Nc6 9. Bf4 Qxd4 10. Nxc6 Qxf4 11. Bg2 e6 12. Ne2 Qa4 13. Ncd4 O-O-O 14. b3 Qa5+ 15. c3 e5 16. b4 Qb6 17. O-O exd4 18. cxd4 Be4 19. f3 Bd5 20. a3 Bd6 21. Nc3 Bc4 22. Qd2 Rhe8 23. Rfd1 a6 24. Rac1 Nd5 25. Na4 Qb5 26. Nb2 Bb3 27. Bf1 Qb6 28. Nc4 Bxc4 29. Bxc4 Bf4 30. Qc2 Ne3 31. Qb3 Nxd1 32. Rxd1 Be3+ 33.
Kg2 Bxd4 34. Bxf7 Rf8 35. Be6+ Kb8 36. Bf5 Rde8 37. Be4 Rd8 38. Rc1 c6 39. Qe6 Qc7 40. Rc4 Qf4 41. Rc2 Be3 42. Rxc6 bxc6 43. Qxc6 Rd2+ 44. Kf1 Rf2+ 45. Ke1 Qc7 46. Qa8# 1-0

[Event "Late-Titled-Tuesday-Blitz-May-07-2024"]
[Site "Chess.com"]
[Date "2024.05.07"]
[Round "10"]
[White "Sanan_Sjugirov"]
[Black "stollenmonster"]
[Result "1-0"]
[WhiteElo "3030"]
[BlackElo "2872"]
[TimeControl "180+1"]
[EndTime "15:56:02 PDT"]
[Termination "Sanan_Sjugirov won by resignation"]

1. e4 c5 2. Nf3 Nf6 3. e5 Nd5 4. Nc3 e6 5. Ne4 Nc6 6. Bb5 f5 7. Nc3 Nde7 8. O-O Nd4 9. Re1 Ng6 10.
Bf1 Nxf3+ 11. Qxf3 Qc7 12. Nb5 Qb8 13. d4 cxd4 14.
Bf4 Bc5 15. Rad1 O-O 16. a3 a5 17. Nxd4 b6 18. Qg3 Bb7 19. Nb5 Bc6 20. Nd6 Nxf4 21. Qxf4 Qd8 22. b4 axb4 23. axb4 g5 24. Qd2 Bxd6 25. Qxd6 Ra4 26. b5 Bd5 27. Ra1 Rg4 28.
Ra7 Rf7 29. Rea1 Kg7 30. Rc7 f4 31. h3 Rh4 32. Raa7 Qe8 33. Rxd7 Rxd7 34. Rxd7+ Kg6 35.
Bd3+ 1-0

[Event "Late-Titled-Tuesday-Blitz-May-07-2024"]
[Site "Chess.com"]
[Date "2024.05.07"]
[Round "10"]
[White "Seppppppy"]
[Black "Flaccidmoves"]
[Result "0-1"]
[WhiteElo "2196"]
[BlackElo "2376"]
[TimeControl "180+1"]
[EndTime "15:56:03 PDT"]
[Termination "Flaccidmoves won on time"]

1. e4 c6 2. d4 d5 3. e5 c5 4. Nf3 Nc6 5. c4 cxd4 6. Nxd4 Nxe5 7.
cxd5 Qxd5 8. Nc3 Qd8 9. Bf4 Nc6 10. Ndb5 e5 11. Qxd8+ Kxd8 12. O-O-O+ Bd7 13. Bg3 a6 14.
Nd6 Bxd6 15. Rxd6 Kc7 16. Rd1 Nge7 17. Bc4 f6 18. Ne4 Rhd8 19. Nc5 Bf5 20. f4 e4 21. Be6 Nd4 22. Bxf5 Nexf5 23. Nxe4 Rac8 24. Kb1 Kb8 25. Bf2 h5 26. h3 h4 27. Rd3 Ne2 28. Rxd8 Rxd8 29. a3 Nxf4 30. Bb6 Re8 31. Nc5 Nd5 0-1

[Event "Late-Titled-Tuesday-Blitz-May-07-2024"]
[Site "Chess.com"]
[Date "2024.05.07"]
[Round "10"]
[White "ChessSwole"]
[Black "scandalgod"]
[Result "0-1"]
[WhiteElo "2610"]
[BlackElo "2538"]
[TimeControl "180+1"]
[EndTime "15:56:05 PDT"]
[Termination "scandalgod won by resignation"]

1. c4 e5 2. b3 Nc6 3. Bb2 Bc5 4. e3 d6 5. Nf3 a6 6. d4 exd4 7. Nxd4 Nf6 8. Be2 O-O 9. O-O Bd7 10. Bf3 Re8 11.
Nc3 Rb8 12. Nxc6 Bxc6 13. Bxc6 bxc6 14. Qf3 Qd7 15. Rad1 Ba7 16. Ne2 Ne4 17. Nd4 Re5 18.
h3 Rbe8 19. Qg4 f5 20. Qf3 Bxd4 21. Rxd4 Qf7 22. Rfd1 Ng5 23. Qg3 Ne4 24. Qf4 Nf6 25.
R4d3 Nh5 26. Qg5 Re4 27. Rd4 h6 28. Rxe4 hxg5 29. Red4 Nf6 30. c5 d5 31. Ra4 Ne4 32.
Rxa6 f4 33. Bd4 f3 34. g4 Re6 35. b4 Rh6 36. Kh2 Qe6 37. Rg1 Nxf2 38. Kg3 Ne4+ 39. Kxf3 Qf7+ 40. Ke2 Qf2+ 0-1

[Event "Late-Titled-Tuesday-Blitz-May-07-2024"]
[Site "Chess.com"]
[Date "2024.05.07"]
[Round "10"]
[White "HaryKane"]
[Black "LeninGuerra"]
[Result "0-1"]
[WhiteElo "2540"]
[BlackElo "2658"]
[TimeControl "180+1"]
[EndTime "15:56:06 PDT"]
[Termination "LeninGuerra won on time"]

1. c4 e5 2. Nc3 Bc5 3. e3 a6 4. Nge2 d6 5. g3 Ba7 6. Bg2 Nf6 7. O-O O-O 8. d4 Nbd7 9. b4 Re8 10. Rb1 Nf8 11. a4 Bf5 12. e4 Be6 13. d5 Bd7 14.
a5 h6 15. Qd3 N6h7 16. Be3 Bxe3 17. Qxe3 g5 18. c5 Ng6 19. Rfc1 Kg7 20. Na2 g4 21. c6 bxc6 22. dxc6 Be6 23. Nac3 Ng5 24. Nd5 Bxd5 25. exd5 f5 26. b5 axb5 27. Rxb5 Qf6 28. Qc3 f4 29. gxf4 exf4 30. Qxf6+ Kxf6 31. Nd4 f3 32. Bf1 Nf4 33. Rb7 Rxa5 34. Rxc7 Rxd5 35. Rd7 Rxd4 36. c7 Ngh3+ 37. Bxh3 Nxh3+ 38. Kf1 Rd2 39. Rxd6+ Rxd6 0-1

[Event "Late-Titled-Tuesday-Blitz-May-07-2024"]
[Site "Chess.com"]
[Date "2024.05.07"]
[Round "10"]
[White "egnfanclub"]
[Black "Cambek64"]
[Result "0-1"]
[WhiteElo "2342"]
[BlackElo "2516"]
[TimeControl "180+1"]
[EndTime "15:56:07 PDT"]
[Termination "Cambek64 won on time"]

1. e4 c6 2. d4 d5 3. exd5 cxd5 4. c4 Nf6 5. Nc3 e6 6. Nf3 Be7 7. cxd5 Nxd5 8. Bd3 Nc6 9. O-O O-O 10. Re1 Nxc3 11.
bxc3 b6 12. Qc2 g6 13. Bh6 Re8 14. h4 Bf6 15. h5 Bg7 16. Bg5 Qc7 17. hxg6 hxg6 18.
d5 Nd8 19. Bb5 Bd7 20. Bxd7 Qxd7 21. Rad1 exd5 22. Rxe8+ Qxe8 23. Rxd5 Ne6 24. Be3 Rc8 25. Bd2 Qc6 26. Qd3 Bxc3 27. Bh6 Bf6 28. g3 Qc2 29. Rd7 Qxd3 30. Rxd3 Rc2 31. a4 Ra2 32. Rd7 Rxa4 33. Rb7 Nc5 34. Rb8+ Kh7 35. Be3 Kg7 36. g4 Rxg4+ 37.
Kf1 Ra4 38. Ke2 Ne6 39. Rb7 Ra2+ 40. Kf1 g5 41. Nd2 Kg6 42. Ne4 Be5 43. Rd7 Kf5 44.
Nd6+ Bxd6 45. Rxd6 g4 46. Rd5+ Kg6 47. Rd7 f5 48.
Rd6 Kf6 49. Rc6 Ke5 50. Bh6 f4 0-1

[Event "Late-Titled-Tuesday-Blitz-May-07-2024"]
[Site "Chess.com"]
[Date "2024.05.07"]
[Round "10"]
[White "ReadySkate"]
[Black "Smiechu"]
[Result "1-0"]
[WhiteElo "2719"]
[BlackElo "2470"]
[TimeControl "180+1"]
[EndTime "15:56:09 PDT"]
[Termination "ReadySkate won by resignation"]

1. d4 Nf6 2. c4 c5 3. d5 e6 4. Nc3 exd5 5. cxd5 d6 6. e4 g6 7. f4 Bg7 8. Bb5+ Nfd7 9. Nf3 O-O 10. O-O a6 11. Bd3 Nf6 12. Kh1 Bg4 13. h3 Bxf3 14.
Qxf3 Nbd7 15. Bd2 Re8 16. Rae1 b5 17. Bc1 c4 18. Bc2 b4 19. Ne2 Nc5 20. Nd4 Nh5 21. e5 Qh4 22. Kh2 dxe5 23. Nc6 exf4 24. Rxe8+ Rxe8 25. Bxf4 b3 26. axb3 cxb3 27. Bd6 Qf6 28.
Qxf6 Bxf6 29. Bd1 Ne4 30. Bxh5 Nxd6 31. Rxf6 Ne4 32. Rf4 gxh5 33. Rxe4 Rxe4 34. d6 Re8 35. d7 Kf8 36. dxe8=Q+ Kxe8 37. Na5 Kd7 38. Nxb3 Kc6 39. Kg3 Kb5 40. Kf4 Kb4 41. Nc1 1-0

[Event "Late-Titled-Tuesday-Blitz-May-07-2024"]
[Site "Chess.com"]
[Date "2024.05.07"]
[Round "10"]
[White "MarkusRagger"]
[Black "DominguezOnYoutube"]
[Result "0-1"]
[WhiteElo "2824"]
[BlackElo "3025"]
[TimeControl "180+1"]
[EndTime "15:56:10 PDT"]
[Termination "DominguezOnYoutube won by resignation"]

1. d4 Nf6 2. c4 e6 3. Nf3 d5 4.
g3 Be7 5. Bg2 O-O 6. O-O dxc4 7.
Qc2 a6 8. a4 Bd7 9. Qxc4 Bc6 10. Bf4 Bd6 11. Bg5 Nbd7 12. Nc3 h6 13. Bxf6 Nxf6 14.
Nd2 Bxg2 15. Kxg2 Qe7 16. Nde4 Nxe4 17. Nxe4 Rad8 18. Rac1 c6 19. Rfd1 f5 20. Nxd6 Rxd6 21. e3 Rd5 22. Qb3 Kh7 23. Rd3 Rfd8 24. Rdc3 e5 25.
dxe5 Qxe5 26. Qxb7 Qe4+ 27. Kh3 f4 28. Rc5 Qf5+ 29.
g4 Qe4 30. Rxd5 Qf3+ 31. Kh4 Qxf2+ 32. Kh3 Qxe3+ 33. Kh4 Rxd5 34. Rc3 Qf2+ 35. Kh3 Rd2 0-1

[Event "Late-Titled-Tuesday-Blitz-May-07-2024"]
[Site "Chess.com"]
[Date "2024.05.07"]
[Round "10"]
[White "ContrVersia"]
[Black "LikeWater"]
[Result "1-0"]
[WhiteElo "2915"]
[BlackElo "2716"]
[TimeControl "180+1"]
[EndTime "15:56:13 PDT"]
[Termination "ContrVersia won by checkmate"]

1. e4 e5 2. Nf3 d6 3. d3 g6 4. g3 Bg7 5. Bg2 Ne7 6. O-O O-O 7. d4 Nbc6 8. d5 Nb8 9. c4 h6 10. Nc3 f5 11. c5 dxc5 12. Re1 f4 13. gxf4 Bg4 14.
Qb3 Bxf3 15. d6+ Kh7 16. dxe7 Qxe7 17. Bxf3 Nc6 18. Be3 exf4 19. Bc1 Nd4 20. Qd1 Qg5+ 21. Kh1 Qh4 22. e5 Rf5 23. e6 Rg5 24. e7 Qh3 25. Bxb7 f3 26. Rg1 Rg2 27. Bf4 Rb8 28. Be4 Rxb2 29.
e8=Q Rbxf2 30. Bxg6+ Rxg6 31. Qxg6+ Kh8 32. Qxg7# 1-0

[Event "Late-Titled-Tuesday-Blitz-May-07-2024"]
[Site "Chess.com"]
[Date "2024.05.07"]
[Round "10"]
[White "KaydenTroffChess"]
[Black "Meri-Arabidze"]
[Result "1-0"]
[WhiteElo "2875"]
[BlackElo "2724"]
[TimeControl "180+1"]
[EndTime "15:56:13 PDT"]
[Termination "KaydenTroffChess won on time"]

1. d4 Nf6 2. Nf3 e6 3. Bf4 d5 4. e3 Bd6 5. Ne5 O-O 6. Nd2 c5 7. c3 Nc6 8. Bg3 Qc7 9. f4 Ne7 10. Bh4 Ne4 11. Bd3 Nxd2 12. Kxd2 f6 13. Bg3 Nf5 14. Nf3 cxd4 15. Nxd4 Nxd4 16. cxd4 Bd7 17. Qb3 Bc6 18. Ke2 Kh8 19. Rhf1 e5 20. fxe5 fxe5 21. dxe5 Bxe5 22. Qb4 Rfe8 23. Qh4 h6 24. Qh5 Bb5 25.
Bxb5 Qc2+ 26. Kf3 Qe4+ 27. Kf2 Bd4 28. Kg1 Bxe3+ 29. Kh1 d4 30. Bxe8 Rxe8 31. Qf5 Qxf5 32. Rxf5 d3 33. Rd1 d2 34. Re5 Rc8 35. Rxe3 Rc1 36.
Ree1 dxe1=Q+ 37. Rxe1 Rc2 38. Be5 1-0

[Event "Late-Titled-Tuesday-Blitz-May-07-2024"]
[Site "Chess.com"]
[Date "2024.05.07"]
[Round "10"]
[White "Fore_Man"]
[Black "CombativeWombat"]
[Result "0-1"]
[WhiteElo "2263"]
[BlackElo "2343"]
[TimeControl "180+1"]
[EndTime "15:56:14 PDT"]
[Termination "CombativeWombat won on time"]

1. Nf3 d5 2. c4 e6 3. b3 c5 4. cxd5 exd5 5. Bb2 Nc6 6. e3 d4 7. Bb5 Ne7 8. exd4 cxd4 9. Nxd4 Bd7 10. Nxc6 Nxc6 11. O-O Qg5 12. Re1+ Kd8 13. Nc3 Bd6 14. Ne4 Bxh2+ 15. Kxh2 Qxb5 16. Bxg7 Rg8 17. Bf6+ Kc7 18. Qf3 Rae8 19. Qf4+ Kb6 20. Nd6 Qh5+ 21. Kg1 Rxg2+ 22. Kxg2 Rg8+ 23. Qg3 Qh3+ 24. Kf3 Qh5+ 25. Kg2 Rxg3+ 26. fxg3 Qd5+ 27. Ne4 Bf5 28. d3 Qxd3 29. Nf2 Qd5+ 30.
Kg1 Nd4 31. Bxd4+ Qxd4 32. Rad1 Qc3 0-1

[Event "Late-Titled-Tuesday-Blitz-May-07-2024"]
[Site "Chess.com"]
[Date "2024.05.07"]
[Round "10"]
[White "Indefatigable11"]
[Black "dolynachess"]
[Result "0-1"]
[WhiteElo "2402"]
[BlackElo "2524"]
[TimeControl "180+1"]
[EndTime "15:56:15 PDT"]
[Termination "dolynachess won by checkmate"]

1. Nf3 c5 2. g3 Nf6 3. Bg2 g6 4. c4 Bg7 5. O-O O-O 6. Nc3 Nc6 7. d3 a6 8. a3 Rb8 9. Rb1 b5 10. e4 bxc4 11. dxc4 d6 12. Be3 Bg4 13. Qd2 Nd7 14. Nd5 Bxf3 15. Bxf3 e6 16. Nc3 Nde5 17. Be2 Nd4 18. f4 Nec6 19. Bd3 Rb3 20. Rf2 Qb6 21. Nd1 Rb8 22. Bc2 Nxc2 23. Qxc2 Nd4 24. Qd2 a5 25. g4 Rxa3 26. f5 Be5 27. f6 Qd8 28. g5 Rab3 29. h4 h5 30. gxh6 Bxf6 31. h5 gxh5 32. Rg2+ Kh7 33. Qf2 Qe7 34. Qg3 Be5 35.
Qh3 Rg8 36. Rxg8 Kxg8 37. Qxh5 Qf6 38. Nf2 Rxe3 39. Ng4 Rg3+ 40. Kh2 Rxg4+ 41. Kh1 Qf3# 0-1

[Event "Late-Titled-Tuesday-Blitz-May-07-2024"]
[Site "Chess.com"]
[Date "2024.05.07"]
[Round "10"]
[White "Denmark2015"]
[Black "Supelyel"]
[Result "1-0"]
[WhiteElo "2583"]
[BlackElo "2425"]
[TimeControl "180+1"]
[EndTime "15:56:21 PDT"]
[Termination "Denmark2015 won by checkmate"]

1. d4 d6 2. Nf3 Nf6 3. c4 Nbd7 4. Nc3 e5 5. d5 Be7 6. e4 O-O 7. Be2 Nc5 8. Qc2 a5 9. Be3 Na6 10. Nd2 h6 11. h3 Nh7 12. Nf3 Bg5 13. Nxg5 Nxg5 14.
h4 Nh7 15. g4 Re8 16. O-O-O f6 17. Rdg1 Bd7 18. g5 fxg5 19. hxg5 Nxg5 20. Bxg5 hxg5 21.
Qd1 Qf6 22. Rg2 Nc5 23. Kb1 Qf4 24. Rgh2 Kf7 25. Rh7 Kf6 26. f3 Rg8 27. Qg1 Raf8 28. Kc2 b6 29. R1h5 Be8 30. Rh3 Bg6 31. Qh1 Bxh7 32.
Rxh7 Qg3 33. Nd1 g6 34. Ne3 Rf7 35. Ng4+ Ke7 36. Rxf7+ Kxf7 37. Qh7+ Kf8 38. Nh6 Qe1 39. Qf7# 1-0

[Event "Late-Titled-Tuesday-Blitz-May-07-2024"]
[Site "Chess.com"]
[Date "2024.05.07"]
[Round "10"]
[White "APOKALIPSA13"]
[Black "ab-lsv"]
[Result "1-0"]
[WhiteElo "2204"]
[BlackElo "2358"]
[TimeControl "180+1"]
[EndTime "15:56:21 PDT"]
[Termination "APOKALIPSA13 won by resignation"]

1. e4 c6 2. d4 d5 3. exd5 cxd5 4. c4 Nf6 5. Nc3 Nc6 6. Nf3 a6 7.
cxd5 Nxd5 8. Qb3 Be6 9. Ng5 Nxd4 10. Qa4+ Nc6 11. Nxe6 fxe6 12. Qg4 Qd6 13. Ne4 Qe5 14. Bd3 Ncb4 15. Bb1 h5 16. Qg6+ Kd7 17. O-O h4 18. a3 Nc6 19. Nc5+ Kd6 20. b4 b6 21.
Ne4+ Kc7 22. Ra2 Rd8 23. Rc2 Kb7 24. Rxc6 Kxc6 25. f4 Qd4+ 26. Kh1 Nf6 27. Nf2 Kb7 28. Qc2 Rh5 29. h3 Rhd5 30. Qe2 R5d6 31. Be3 Qc3 32. Rc1 Qxa3 33. Qf3+ Ka7 34. Rc7+ 1-0